 Dungeon Crawl Stone Soup version 0.28.0-43-g3370ac3207 (webtiles) character file.

Game seed: 6745396168100778559

1831 Psychic the Thaumaturge (level 8, -4/41 HPs)
             Began as a Deep Elf Conjurer on Mar 2, 2022.
             Was an Initiate of Vehumet.
             Slain by a killer bee (7 damage)
             ... on level 8 of the Dungeon.
             The game lasted 00:36:43 (6550 turns).

Psychic the Thaumaturge (Deep Elf Conjurer)         Turns: 6550, Time: 00:36:43

Health: -4/41      AC:  3    Str:  4    XL:     8   Next: 86%
Magic:  14/23      EV: 12    Int: 26    God:    Vehumet [......]
Gold:   257        SH:  0    Dex: 13    Spells: 7/25 levels left

rFire   . . .      SeeInvis .   (no weapon)
rCold   . . .      Faith    .   (no shield)
rNeg    . . .      Spirit   .   a - +1 robe
rPois   .          Reflect  .   (no helmet)
rElec   .          Harm     .   (no cloak)
rCorr   .          Rampage  .   (no gloves)
Will    .....                   (no boots)
Stlth   ++........              d - amulet of regeneration
HPRegen 0.93/turn               (no ring)
MPRegen 0.18/turn               (no ring)

@: marked
A: no striking features
a: Renounce Religion


You were on level 8 of the Dungeon.
You worshipped Vehumet.
Vehumet was noncommittal.
You visited 1 branch of the dungeon, and saw 7 of its levels.

You collected 257 gold pieces.

Inventory:

Missiles
 h - a throwing net
Armour
 a - a +1 robe (worn)
Jewellery
 d - an amulet of regeneration (around neck)
Scrolls
 e - a scroll of amnesia
 i - a scroll of fog
 j - 2 scrolls of identify
Potions
 b - a potion of degeneration
 c - a potion of brilliance {unknown}
 g - a potion of might {unknown}
 k - a potion of lignification {unknown}


   Skills:
 - Level 2.4 Dodging
 - Level 2.4 Stealth
 + Level 9.1 Spellcasting
 + Level 8.9 Conjurations
 * Level 6.5 Hexes
 * Level 3.6 Translocations


You had 7 spell levels left.
You knew the following spells:

 Your Spells              Type           Power      Damage    Failure   Level
a - Magic Dart            Conj           100%       1d8       1%          1
b - Searing Ray           Conj           100%       2d8       1%          2
c - Dazzling Flash        Conj/Hex       100%       N/A       1%          3
d - Fulminant Prism       Conj/Hex       25%        3d14      1%          4
e - Cause Fear            Hex            22%        N/A       3%          4
f - Iskenderun's Mystic   Conj/Tloc      44%        2d10      3%          4

Your spell library contained the following spells:

 Spells                   Type           Power      Damage    Failure   Level
 Shock                    Conj/Air       100%       1d9       1%          1
 Summon Small Mammal      Summ           44%        N/A       4%          1
 Inner Flame              Hex/Fire       28%        N/A       4%          3
 Summon Guardian Golem    Hex/Summ       28%        N/A       4%          3
 Call Canine Familiar     Summ           11%        N/A       16%         3
 Swiftness                Air            11%        N/A       16%         3
 Airstrike                Air            5%         N/A       45%         4
 Discord                  Hex            22%        N/A       100%        8


Dungeon Overview and Level Annotations

Branches:
Dungeon (6/15)
 Temple: D:4-7

Altars:
Dithmenos
Elyvilon
Fedhas
Hepliaklqana
Qazlal
Ru
Vehumet
Xom
Yredelemnul
Zin
The Shining One

Shops:
D:3 *   D:6 *

Annotations:
D:8 Harold


Message History

You struggle against the net.
The centaur wields a +0 shortbow.
The centaur shoots an arrow.
The arrow barely misses you. The killer bee stings you!
The white imp lashes its tail.
The white imp gestures at you. The puff of frost hits you!
A killer bee comes into view.
The killer bee stings you.
As you read the scroll of fear, it crumbles to dust.
You assume a fearsome visage.
Harold looks frightened!
The white imp looks frightened!
The centaur looks frightened!
The killer bee looks frightened! x2
You rip the net and break free!
A killer bee comes into view.
A yak comes into view.
As you read the scroll of fog, it crumbles to dust.
The scroll dissolves into smoke.
The killer bee stings you.
A black bear comes into view.
The killer bee stings you but does no damage.
The killer bee completely misses you. The black bear barely misses you. x2
The black bear misses you.
A bullfrog comes into view.
Found a scroll of identify and a black potion.
Found a stone staircase leading up.
A scorpion comes into view.
The killer bee stings you. The black bear barely misses you. x2
The black bear claws you. The killer bee completely misses you.
The black bear misses you. The black bear claws you.
The black bear completely misses you. The bullfrog closely misses you.
The killer bee barely misses you. The bullfrog hits you!
* * * LOW HITPOINT WARNING * * *
The bullfrog barely misses you. The killer bee barely misses you.
A nearby fungus withers and dies.
The killer bee barely misses you.
There is a stone staircase leading up here.
The bullfrog hits you.
* * * LOW HITPOINT WARNING * * *
The killer bee stings you!
* * * LOW HITPOINT WARNING * * *
The bullfrog barely misses you. The killer bee stings you!
You die... .P...........#5.......
PP.............

.....!..
..P.c.....§..###..).....
.PPPs...§§§§###.........
#P..P..§.§§.§##........#
#P.PP..§.y§§§.....@....#
#...PP.h.#§§§..........#
#P...P.yF#§§§...#......#
P.PP..#@.#..§.)..>.(....
.....###.#.....##......#
P.... #y##...........##
...? ..##......#.##.#
... ...#.............
##. ..#y.....##...##
#.............#
........###..##
.......## ...#


You could see a black bear, a bullfrog, a centaur, a scorpion and 3 killer bees.

Vanquished Creatures
  Pikel (D:6)
  Grinder (D:3)
  Menkaure (D:5)
  A sky beast (D:5)
  3 ogres
  A lemure (D:6)
  3 phantoms
  The ghost of falsifian the Magician, an amateur DEWz (D:3)
  A gnoll sergeant (D:5)
  2 bullfrog skeletons
  2 iguanas (D:5)
  An orc wizard (D:4)
  A killer bee zombie (D:6)
  2 hound skeletons (D:4)
  7 gnolls (D:5)
  6 adders
  An adder skeleton (D:4)
  A worm (D:2)
  2 dart slugs
  9 orcs
  7 ball pythons
  7 endoplasms
  3 giant cockroaches
  8 goblins
  6 hobgoblins
  3 jackals (D:3)
  4 kobolds
  8 quokkas
  4 bats
  4 frilled lizards
  5 rats
106 creatures vanquished.

Vanquished Creatures (others)
  23 fulminant prisms
  3 fungi (D:8)
  51 plants
77 creatures vanquished.

Grand Total: 183 creatures vanquished

Notes
Turn   | Place    | Note
-------+----------+-------------------------------------------
     0 | D:1      | Psychic the Deep Elf Conjurer began the quest for the Orb.
     0 | D:1      | Reached XP level 1. HP: 10/10 MP: 6/6
   288 | D:1      | Reached skill level 1 in Hexes
   288 | D:1      | Reached XP level 2. HP: 15/15 MP: 5/8
   332 | D:1      | Learned a level 2 spell: Searing Ray
   719 | D:1      | Reached skill level 5 in Conjurations
  1009 | D:2      | Found a faded altar of an unknown god.
  1017 | D:2      | Reached XP level 3. HP: 19/19 MP: 3/9
  2233 | D:3      | Reached XP level 4. HP: 24/24 MP: 7/11
  2237 | D:3      | Learned a level 3 spell: Dazzling Flash
  2242 | D:3      | Learned a level 4 spell: Fulminant Prism
  2246 | D:3      | Noticed falsifian's ghost (amateur DEWz)
  2514 | D:3      | Found Bomiruid's General Store.
  2570 | D:3      | Noticed Grinder
  2582 | D:3      | Paralysed by Grinder for 3 turns
  2589 | D:3      | Killed Grinder
  2590 | D:3      | Reached skill level 5 in Spellcasting
  2590 | D:3      | Reached XP level 5. HP: 2/28 MP: 0/14
  2590 | D:3      | Reached XP level 6. HP: 3/32 MP: 0/15
  3144 | D:3      | Found a runed translucent gate.
  3144 | D:3      | Found a runed translucent gate.
  3144 | D:3      | Found a runed translucent gate.
  3170 | D:3      | Killed falsifian's ghost
  3675 | D:4      | Reached XP level 7. HP: 36/36 MP: 6/17
  3808 | D:4      | Reached skill level 6 in Spellcasting
  4328 | D:5      | Entered Level 5 of the Dungeon
  4334 | D:5      | Learned a level 4 spell: Cause Fear
  4339 | D:5      | Learned a level 4 spell: Iskenderun's Mystic Blast
  4427 | D:5      | Reached skill level 7 in Spellcasting
  4694 | D:5      | Reached skill level 1 in Translocations
  4777 | D:5      | Noticed Menkaure
  4785 | D:5      | Killed Menkaure
  5120 | D:5      | Reached skill level 5 in Hexes
  5120 | D:5      | Reached XP level 8. HP: 41/41 MP: 8/21
  5624 | D:5      | Reached skill level 8 in Spellcasting
  5728 | D:5      | Found a glowing silver altar of Zin.
  5736 | D:5      | Found a shadowy altar of Dithmenos.
  5736 | D:5      | Found a blossoming altar of Fedhas.
  5736 | D:5      | Found a glowing golden altar of the Shining One.
  5736 | D:5      | Found a stormy altar of Qazlal.
  5737 | D:5      | Found a shimmering altar of Xom.
  5737 | D:5      | Found a hazy altar of Hepliaklqana.
  5738 | D:5      | Found a radiant altar of Vehumet.
  5739 | D:5      | Found a sacrificial altar of Ru.
  5743 | D:5      | Became a worshipper of Vehumet
  6131 | D:6      | Found Litich's Assorted Antiques.
  6200 | D:6      | Found a white marble altar of Elyvilon.
  6223 | D:6      | Noticed Pikel
  6230 | D:6      | Killed Pikel
  6231 | D:6      | Reached skill level 9 in Spellcasting
  6449 | D:6      | Found a basalt altar of Yredelemnul.
  6525 | D:6      | You fall into a shaft and drop 2 floors!
  6529 | D:8      | Noticed Harold
  6550 | D:8      | Slain by a killer bee

Illustrated notes

Levels and vault maps discovered:
D:1:      wander_arrival_estate, layout_rooms, serial_bayou_crossing
D:2:      layout_loops_corners, shapermc_ecumenical_altar_gd,
          grunt_ministairs_12
D:3:      layout_rooms, serial_shops, nicolae_shop_advertising_works
          [nicolae_subvault_shop_adworks], ebering_ghost_rock_garden,
          uniq_grinder
D:4:      layout_basic
D:5:      layout_loops_ring, minitemple, kennysheep_boxes, uniq_menkaure
D:6:      layout_loops_cross, kennysheep_ying_yang,
          mainiacjoe_overflow_concentric_impassable, serial_shops,
          nicolae_stop_n_shop_1, kennysheep_big_empty_room, minmay_crystal_room,
          uniq_pikel, uniq_crazy_yiuf_cottage
D:8:      layout_cave_pools, grunt_lair_entry_orc_guard_hut, uniq_harold,
          uniq_maurice, uniq_joseph, uniq_erica

Skill      XL: |  1  2  3  4  5  6  7  8 |
---------------+-------------------------+-----
Hexes          | 1 2 3 4 5 6 |  6.5
Conjurations   | 5 6 7 8 |  8.9
Spellcasting   | 5 7 9 |  9.1
Translocations | 2 3 |  3.6
Dodging        | |  2.4
Stealth        | |  2.4

Action                   |  1- 3 |  4- 6 |  7- 9 || total
-------------------------+-------+-------+-------++-------
Melee: Unarmed           |       |     4 |     1 ||     5
 Cast: Magic Dart        |    71 |    51 |    20 ||   142
       Searing Ray       |     6 |     6 |    17 ||    29
       Fulminant Prism   |       |     5 |    18 ||    23
       Cause Fear        |       |       |     1 ||     1
       Iskenderun's Myst |       |       |     1 ||     1
  Use: Scroll            |     3 |     1 |     9 ||    13
       Potion            |     1 |     1 |     1 ||     3
Armor: Robe              |     1 |     1 |     7 ||     9
Dodge: Dodged            |     2 |    10 |    31 ||    43
